 Dungeon Crawl Stone Soup version 0.28-a0-948-gee6e0bcda6 (webtiles) character file.

Game seed: 16341022101988477989

198 kinazarov the Covered (level 5, 0/28 HPs)
             Began as a Vine Stalker Fighter on Nov 30, 2021.
             Was a Believer of Yredelemnul.
             Slain by an ogre (9 damage)
             ... on level 4 of the Dungeon.
             The game lasted 00:10:05 (2948 turns).

kinazarov the Covered (Vine Stalker Fighter)        Turns: 2948, Time: 00:10:06

Health: 0/28       AC:  6    Str: 19    XL:     5   Next: 77%
Magic:  0/8        EV: 10    Int:  9    God:    Yredelemnul [**....]
Gold:   102        SH:  4    Dex: 13    Spells: 7/7 levels left

rFire   + . .      SeeInvis .     - Unarmed
rCold   + . .      Faith    .   b - +0 buckler
rNeg    . . .      Spirit   +   a - +0 scale mail
rPois   .          Reflect  .   (no helmet)
rElec   .          Harm     .   g - scarf {rC+ rF+}
rCorr   .          Rampage  .   (no gloves)
Will    .....                   (no boots)
Stlth   ..........              (no amulet)
HPRegen 0.89/turn               (no ring)
MPRegen 0.11/turn               (no ring)

@: no status effects
A: fangs 2, regeneration 1, magic shield, antimagic bite, no potion heal 2
a: Renounce Religion, Animate Remains, Recall Undead Slaves, Injury Mirror


You were on level 4 of the Dungeon.
You worshipped Yredelemnul.
Yredelemnul was pleased with you.
You visited 1 branch of the dungeon, and saw 4 of its levels.

You collected 102 gold pieces.

Inventory:

Armour
 a - a +0 scale mail (worn)
 b - a +0 buckler (worn)
 g - a scarf of resistance (worn)
Scrolls
 d - a scroll of enchant armour {unknown}
 f - 3 scrolls of identify {unknown}
 h - 2 scrolls of teleportation
 i - 2 scrolls of torment {unknown}
 k - a scroll of magic mapping {unknown}
 m - 2 scrolls of immolation {unknown}
Potions
 c - 2 potions of might


   Skills:
 + Level 3.1 Fighting
 + Level 3.3 Armour
 * Level 1.4 Dodging
 + Level 3.1 Shields
 + Level 3.1 Unarmed Combat
 * Level 1.8 Spellcasting


You had 7 spell levels left.
You didn't know any spells.
Your spell library was empty.

Dungeon Overview and Level Annotations

Branches:
Dungeon (4/15)
 Temple: D:4-7

Altars:
Cheibriados
Yredelemnul


Innate Abilities, Weirdness & Mutations

You have extremely sharp teeth.
Your natural rate of healing is unusually fast.
When hurt, damage is shared between your health and your magic reserves.
Your bite disrupts and absorbs the magic of your enemies.
Potions cannot restore your health.


Message History

You hit the dart slug.
You bite the dart slug, but do no damage.
The dart slug is severely wounded.
The dart slug closely misses you.
You hit the dart slug.
You kill the dart slug!
Yredelemnul accepts your kill.
You see here a dart slug corpse.
You hear the slow hiss of an avalanche of sand nearby.
An endoplasm comes into view.
The endoplasm closely misses you. The endoplasm barely misses you.
The endoplasm hits you but does no damage.
You hit the endoplasm.
You kill the endoplasm!
Yredelemnul accepts your kill.
You open the door.
An ogre comes into view. It is wielding a +0 giant club.
There is an open door here.
You barely miss the ogre. You bite the ogre. You drain its power.
The ogre is lightly wounded.
You block the ogre's attack.
You hit the ogre.
The ogre is moderately wounded.
The ogre barely misses you.
You hit the ogre.
The ogre is moderately wounded.
You block the ogre's attack.
You closely miss the ogre.
The ogre is moderately wounded.
You hit the ogre.
The ogre is heavily wounded.
The ogre hits you with a +0 giant club!!
Ouch! That really hurt!
* * * LOW HITPOINT WARNING * * *
You completely miss the ogre.
The ogre is moderately wounded.
The ogre hits you with a +0 giant club!
You die...
Your body rises from the dead as a mindless zombie.

....##..#.....#
........#.....#....#
....##.>#....##....#
....#####....#.....#
....#........#.....#
....#........##....#
#####.........#....#
. ...........#.O..#
.. ..####.....#.@..+
.. ..
#.....##'###...
#####...........
#...........
#...........
###.........
#.........
#.........
#.........


You could see an ogre.

Vanquished Creatures
  A scorpion (D:3)
  Natasha (twice) (D:3)
  3 adders (D:3)
  A worm (D:2)
  2 dart slugs
  An orc (D:3)
  6 ball pythons
  5 endoplasms
  4 giant cockroaches
  5 goblins
  4 hobgoblins
  2 quokkas (D:3)
  4 bats
  5 frilled lizards
  7 kobolds
  3 rats
55 creatures vanquished.

Notes
Turn   | Place    | Note
-------+----------+-------------------------------------------
     0 | D:1      | kinazarov the Vine Stalker Fighter began the quest for the
                  | Orb.
     0 | D:1      | Reached XP level 1. HP: 11/11 MP: 2/2
   218 | D:1      | Reached XP level 2. HP: 15/16 MP: 3/3
   261 | D:1      | Found a faded altar of an unknown god.
   270 | D:1      | Prayed at the altar of an unknown god.
   270 | D:1      | Became a worshipper of Yredelemnul the Dark
   270 | D:1      | Reached * piety under Yredelemnul
   813 | D:1      | Found a snail-covered altar of Cheibriados.
   921 | D:2      | Reached XP level 3. HP: 20/20 MP: 4/4
   953 | D:2      | You fall into a shaft and drop 1 floor!
  1365 | D:2      | Reached ** piety under Yredelemnul
  1796 | D:3      | HP: 1/20 [adder (1)]
  2138 | D:3      | Gained mutation: Your natural rate of healing is unusually
                  | fast. [Vine Stalker growth]
  2138 | D:3      | Reached XP level 4. HP: 24/24 MP: 6/6
  2243 | D:3      | Noticed Natasha
  2264 | D:3      | Killed Natasha
  2265 | D:3      | Reached skill level 1 in Spellcasting
  2509 | D:3      | Noticed a scorpion
  2510 | D:3      | Found a basalt altar of Yredelemnul.
  2533 | D:3      | Killed a scorpion
  2534 | D:3      | Reached skill level 1 in Dodging
  2534 | D:3      | Reached XP level 5. HP: 6/28 MP: 6/8
  2704 | D:3      | Noticed Natasha
  2739 | D:3      | Killed Natasha
  2940 | D:4      | Noticed an ogre
  2948 | D:4      | Slain by an ogre

Illustrated notes

Levels and vault maps discovered:
D:1:      dpeg_arrival_water_altar, layout_basic,
          ebering_ecumenical_altar_abandoned
D:2:      layout_basic
D:3:      layout_basic, mainiacjoe_overflow_cross_hatched, uniq_natasha
D:4:      layout_gridville, kennysheep_little_box, lemuel_doored_altar,
          nicolae_overflow_hidden_temple, nicolae_ossuary_entry_false_entrances,
          grunt_ministairs_11

Skill      XL: |  1  2  3  4 |
---------------+-------------+-----
Fighting       | 3 |  3.1
Shields        | 3 |  3.1
Armour         | 3 |  3.3
Spellcasting   | 1 |  1.8
Dodging        | 1 |  1.4
Unarmed Combat | 3 |  3.1

Action                   |  1- 3 |  4- 6 || total
-------------------------+-------+-------++-------
Melee: Unarmed           |   112 |   114 ||   226
       Bite              |    23 |    30 ||    53
  Use: Scroll            |     1 |       ||     1
       Potion            |     4 |       ||     4
Armor: Scale mail        |    45 |    20 ||    65
Dodge: Dodged            |    53 |    37 ||    90
Block: Buckler           |    22 |    22 ||    44

Table legend: (Time is in decaauts)
 A = Elapsed time spent in this place.
 B = Non-inter-level travel time spent in this place.
 C = Inter-level travel time spent in this place.
 D = Time resting spent in this place.
 E = Time spent auto-exploring this place.
 F = Levels seen in this place.
 G = Mean time per level.
                   A        B        C        D        E       F      G
               +--------+--------+--------+--------+--------+-----+--------+
         Total |   2932 |   2894 |     38 |   1040 |   1208 |   4 |  733.0 |
       Dungeon |   2932 |   2894 |     38 |   1040 |   1208 |   4 |  733.0 |
               +--------+--------+--------+--------+--------+-----+--------+

Top non-repeatable levels by time:
     D:3: 1456 daAuts
     D:1: 832 daAuts
     D:2: 576 daAuts
     D:4: 66 daAuts
